 Dungeon Crawl Stone Soup version 0.17.2-1-ge4368a0 (webtiles) character file.

270 PearlOfTheDesert the Insei (level 6, -8/47 HPs)
             Began as a Mummy Monk on Sept 29, 2016.
             Mangled by an ogre
             ... wielding a +0 giant club
              (18 damage)
             ... on level 4 of the Dungeon.
             The game lasted 00:10:17 (4928 turns).

PearlOfTheDesert the Insei (Mummy Monk)             Turns: 4928, Time: 00:10:18

Health: -8/47      AC:  4    Str: 14    XL:     6   Next: 1%
Magic:  6/6        EV: 14    Int: 10    God:
Gold:   225        SH:  0    Dex: 16    Spells: 0 memorised, 5 levels left

rFire  x . .     SeeInvis .       - Unarmed
rCold  + . .     Clarity  .     (no armour)
rNeg   + + +     SustAt   .     (no shield)
rPois  ∞         Gourm    .     (no helmet)
rElec  .         Spirit   .     (no cloak)
rCorr  .         Warding  .     l - +0 pair of gloves
rMut   .         Stasis   .     (no boots)
MR     .....                    (no amulet)
Stlth  ++........               c - +3 ring of protection
                                (no ring)

@: about to teleport, not resistant to hostile enchantments, unstealthy
A: no food or potions, fire vulnerability, cold resistance 1, negative energy
resistance 3, torment resistance, unbreathing
a: no special abilities


You were on level 4 of the Dungeon.
You were not hungry.

You visited 1 branch of the dungeon, and saw 4 of its levels.

You collected 225 gold pieces.


Innate Abilities, Weirdness & Mutations

You do not eat or drink.
Your flesh is vulnerable to fire.
You are immune to poison.
Your flesh is cold resistant.
You are immune to negative energy.
You are immune to unholy pain and torment.
You can survive without breathing.


   Skills:
 - Level 3.0 Fighting
 + Level 3.5 Dodging
 - Level 1.5 Stealth
 - Level 5.4 Unarmed Combat


You had 5 spell levels left.
You didn't know any spells.

Inventory:

Hand Weapons
 b - the +9 dagger of Precise Incision {pain, *Corrode +Rage rC+++ SInv, unknown} In the hands of one skilled in necromantic magic, it inflicts extra damage on living creatures. It renders you almost immune to cold. It lets you see invisible. It lets you go berserk. It may corrode your equipment when you take damage.
Armour
 j - a +0 hat
 l - a +0 pair of gloves (worn)
Jewellery
 c - a +3 ring of protection (right hand)
 m - an uncursed amulet of faith {unknown}
Scrolls
 a - 2 scrolls of noise {!r}
 d - 2 scrolls of enchant weapon
 e - a scroll of remove curse
 f - 2 scrolls of amnesia
 g - 2 scrolls of magic mapping
 h - a scroll of teleportation {@r4}
 i - a scroll of enchant armour {unknown}
 k - a scroll of recharging

Dungeon Overview and Level Annotations

Branches:
Dungeon (4/15)             Temple (0/1) D:4

Altars:
Fedhas
Nemelex Xobeh

Annotations:
D:3 exclusion: ogre

▒▒▒..▒▒......
....>▒▒.....▒▒▒▒▒▒▒▒▒▒
▒▒▒▒.▒▒.....▒........▒
...▒.▒▒.....▒.▒▒▒▒▒▒.▒
...▒.▒▒.....▒.▒.▒▒▒▒.▒
.....▒▒.....▒.▒.▒....▒
.....▒▒▒▒'▒O▒.▒<▒.▒▒▒▒
....▒▒▒▒▒O▒.▒.▒O▒O▒
....▒ ▒...▒...▒.M.▒
....▒▒▒.▒▒▒▒▒▒▒▒▒▒▒
.........▒ ▒▒▒▒▒▒▒▒▒▒


You could see 2 ogres.


Message History

The ogre is lightly wounded!
The ogre closely misses you!
You barely miss the ogre!
The ogre is lightly wounded!
The ogre completely misses you!
You swing at nothing!
You beat the ogre into a bloody pulp!!!
The ogre is moderately wounded!
The ogre hits you with a giant club!!!
You completely miss the ogre!
The ogre is moderately wounded!
The ogre completely misses you!
You swing at nothing!
You squash the ogre like an ant!
The ogre is moderately wounded!
The ogre hits you with a giant club!!!!!!
DANG * * * don't die
* * * The ogre hits you with a giant club!!! * * * don't die
* * *
There is an open door here!
The ogre shouts!!!
You pulverise the ogre!
The ogre is lightly wounded!
The ogre barely misses you!
Read which item? (? for menu, Esc to quit)
As you read the scroll labeled XAINECWEB, it crumbles to dust!
You feel strangely unstable!
It was a scroll of teleportation!
The ogre hits you with a giant club!!!!!! rip

Action                   |  1- 3 |  4- 6 || total
-------------------------+-------+-------++-------
Melee: Unarmed           |   193 |   161 ||   354
  Use: Scroll            |       |     7 ||     7
 Stab: Sleeping          |     5 |     3 ||     8

Vault maps used:
D:1:      lightli_arrival_flooded_house
D:2:      ecumenical_altar_1, fedhas_altar_fruit_tree
D:3:      lemuel_coloured_pillars_altar, nemelex_xobeh_ov_fountains_minmay,
          serial_glass, glass_columns_a, glass_columns_b, glass_columns_a,
          glass_columns_b, glass_columns_a, glass_columns_b, glass_columns_a,
          glass_columns_a, first_bread
D:4:      minmay_temple_entry_grid

Notes
Turn   | Place    | Note
--------------------------------------------------------------
     0 | D:1      | PearlOfTheDesert the Mummy Monk began the quest for the Orb.
     0 | D:1      | Reached XP level 1. HP: 18/18 MP: 1/1
    33 | D:1      | fuck the robe
    83 | D:1      | it's cool
   332 | D:1      | Reached XP level 2. HP: 16/24 MP: 2/2
  1053 | D:1      | Reached skill level 4 in Unarmed Combat
  1252 | D:2      | Reached XP level 3. HP: 21/29 MP: 3/3
  1290 | D:2      | Found a blossoming altar of Fedhas.
  2160 | D:2      | Found a faded altar to an unknown god.
  2539 | D:3      | Reached XP level 4. HP: 33/35 MP: 4/4
  3088 | D:3      | Noticed an ogre
  3481 | D:3      | Found a sparkling altar of Nemelex Xobeh.
  3658 | D:3      | Noticed Goblin1989's ghost (amateur SpAs)
  3698 | D:3      | Reached skill level 5 in Unarmed Combat
  3739 | D:3      | Killed Goblin1989's ghost
  3739 | D:3      | Reached XP level 5. HP: 38/41 MP: 5/5
  4001 | D:3      | Found a blossoming altar of Fedhas.
  4357 | D:4      | Found a staircase to the Ecumenical Temple.
  4381 | D:4      | Reached skill level 3 in Dodging
  4482 | D:4      | Noticed an ogre
  4643 | D:4      | Reached XP level 6. HP: 47/47 MP: 6/6
  4682 | D:4      | Noticed an ogre
  4781 | D:4      | Got a steaming dagger
  4928 | D:4      | Mangled by an ogre

Vanquished Creatures
  The ghost of Goblin1989 the Sneak, an amateur SpAs of Dithmenos (D:3)
  A scorpion (D:4)
  3 adders
  3 gnolls
  2 oozes (D:3)
  3 worms
  2 giant geckos
  3 orcs (D:3)
  3 ball pythons
  7 bats
  2 giant cockroaches
  14 goblins
  4 hobgoblins
  4 jackals (D:2)
  4 giant newts
  6 kobolds
  2 quokkas (D:4)
  12 rats
76 creatures vanquished.
